AoeStats
← True Anomaly

Arabia

506029000Analyzed
2v2 RM · 21d ago on Sep 12, 2026· 42m 53s· 4 players
Game mode
Random Map
Map size
Medium (4 player)
Population
200
Speed
Normal
Resources
Standard
Victory
Conquest
Starting age
Dark Age
Ending age
Imperial Age
RankedLock teamsTeams togetherTeam positionsShared explorationLock speedFull tech treeHidden civsTurbo modeCheats
Victory
Defeat
🇺🇸 Vikings · United States
1135
+15
🇺🇸 Magyars · United States
1135
+15
🇪🇨 Khmer · Ecuador
1108
-15
🇪🇨 Magyars · Ecuador
1106
-15
Frank_alv10
7:09 Loom
9:25 Feudal Age
9:51 Double-Bit Axe
11:41 Fletching
18:28 Padded Archer Armor
20:21 Wheelbarrow
19:34 Town Watch
24:30 Castle Age
23:02 Gold Mining
22:54 Horse Collar
25:23 Bow Saw
25:49 Gold Shaft Mining
25:11 Bodkin Arrow
25:32 Leather Archer Armor
24:39 Crossbowman
26:39 Stone Mining
28:42 Fervor
28:53 Sanctity
31:48 Imperial Age
29:57 Ballistics
32:37 Bracer
35:29 Stone Shaft Mining
34:55 Heavy Plow
36:57 Chemistry
36:46 Arbalester
38:55 Ring Archer Armor
41:01 Hand Cart
M!(ke
6:39 Loom
9:27 Feudal Age
11:49 Double-Bit Axe
24:51 Castle Age
23:38 Bloodlines
24:35 Horse Collar
24:58 Gold Mining
28:06 Scale Barding Armor
29:30 Chain Barding Armor
29:55 Bow Saw
33:45 Husbandry
35:02 Heavy Plow
38:09 Wheelbarrow
37:26 Town Watch
38:03 Fletching
39:18 Pikeman
40:46 Scale Mail Armor
42:25 Bodkin Arrow
Hackjack37
6:03 Loom
9:30 Feudal Age
11:02 Double-Bit Axe
17:59 Horse Collar
21:50 Castle Age
21:04 Scale Barding Armor
21:12 Bloodlines
22:47 Husbandry
27:24 Chain Barding Armor
30:52 Wheelbarrow
33:18 Town Watch
44:56 Imperial Age
42:43 Hand Cart
True Anomaly
7:23 Loom
9:50 Feudal Age
10:09 Man-at-Arms
10:36 Double-Bit Axe
20:04 Castle Age
18:15 Horse Collar
22:28 Bow Saw
22:53 Town Watch
24:04 Long Swordsman
24:30 Gambesons
24:45 Squires
27:56 Scale Mail Armor
28:06 Forging
30:38 Heavy Plow
32:31 Chain Mail Armor
35:04 Arson
38:09 Imperial Age
35:42 Town Patrol
35:39 Gold Mining
37:23 Iron Casting
38:15 Two-Handed Swordsman
39:29 Plate Mail Armor
39:59 Blast Furnace
40:10 Conscription
39:26 Champion
40:17 Chieftains
Connection lost

Rejoining the realm…

Still unreachable

The connection could not be restored.

Session expired

The server has moved on; the page needs a fresh start.